 Dungeon Crawl Stone Soup version 0.23.0 (webtiles) character file.

Game seed: 1815062816645390919

1389 Kass the Insei (level 8, -3/54 HPs)
             Began as a Gnoll Transmuter on Feb 19, 2019.
             Was a Believer of Hepliaklqana.
             Slain by an orc knight
             ... wielding a +0 broad axe
              (12 damage)
             ... in a bailey.
             The game lasted 00:21:15 (6339 turns).

Kass the Insei (Gnoll Transmuter)                   Turns: 6339, Time: 00:21:15

Health: -3/54      AC: 10    Str: 20 (21) XL:     8   Next: 68%
Magic:  17/17      EV: 15    Int: 15 (16) God:    Hepliaklqana [**....]
Gold:   307        SH:  0    Dex: 12 (15) Spells: 13/19 levels left

rFire    . . .     SeeInvis .   J - +8 hand axe "Puqid" {chop, rC+ Str+6}
rCold    + . .     Gourm    .   (no shield)
rNeg     + . .     Faith    .   j - +0 robe (curse)
rPois    .         Spirit   .   p - +2 helmet
rElec    .         Reflect  .   v - +2 cloak
rCorr    .         Harm     .   D - +0 pair of gloves {archery}
MR       .....                  h - +0 pair of boots
Stlth    ++........             n - amulet of rage
HPRegen  0.18/turn              H - ring of positive energy
MPRegen  0.15/turn              (no ring)

@: berserk cooldown, flying, hasted and slowed
A: distributed training, reduced essence, fangs 1, strong nose
a: Ancestor Life: Knight, Ancestor Life: Battlemage, Ancestor Life: Hexer,
Recall Ancestor, Ancestor Identity, Renounce Religion, Evoke Berserk Rage


You were in a bailey.
You worshipped Hepliaklqana.
Hepliaklqana was pleased with you.
You were not hungry.

You visited 1 branch of the dungeon, and saw 7 of its levels.
You also visited: Bailey.

You collected 307 gold pieces.

Inventory:

Hand Weapons
 u - a +4 quarterstaff of chaos
 J - the +8 hand axe "Puqid" (weapon) {chop, rC+ Str+6}
   (You found it on level 7 of the Dungeon)

   It inflicts extra damage upon your enemies.
   It affects your strength (+6).
   It protects you from cold.
Missiles
 a - 77 arrows
Armour
 b - a +0 robe
 h - a +0 pair of boots (worn)
 j - a cursed +0 robe (worn)
 p - a +2 helmet (worn)
 v - a +2 cloak (worn)
 C - a scarf of cloud immunity
 D - a +0 pair of gloves of archery (worn)
 K - a cursed +0 robe
Magical Staves
 y - an uncursed staff of energy {unknown}
Jewellery
 n - an amulet of rage (around neck)
 s - an uncursed ring of ice
 H - a ring of positive energy (left hand)
Wands
 F - a wand of random effects (21)
Scrolls
 c - a scroll of enchant armour {unknown}
 e - 2 scrolls of amnesia {unknown}
 g - 4 scrolls of teleportation {unknown}
 k - 2 scrolls of enchant weapon {unknown}
 l - 7 scrolls of identify
 o - 2 scrolls of remove curse {unknown}
 r - 2 scrolls of fog {unknown}
 x - a scroll of random uselessness {unknown}
 z - a scroll of silence {unknown}
 A - 3 scrolls of blinking {unknown}
 B - a scroll of holy word {unknown}
 E - a scroll of magic mapping {unknown}
Potions
 f - a potion of heal wounds {unknown}
 i - a potion of flight
 m - 3 potions of degeneration
 q - a potion of lignification {unknown}
 t - a potion of brilliance {unknown}
 w - 3 potions of haste
 G - a potion of resistance {unknown}
 I - a potion of might {unknown}
Comestibles
 d - 9 rations


   Skills:
 + Level 4.3 Fighting
 + Level 3.4 Short Blades
 + Level 3.4 Long Blades
 + Level 3.4 Axes
 + Level 3.4 Maces & Flails
 + Level 3.4 Polearms
 + Level 3.4 Staves
 + Level 3.4 Slings
 + Level 3.4 Bows
 + Level 3.4 Crossbows
 + Level 3.4 Throwing
 + Level 3.4 Armour
 + Level 5.8 Dodging
 + Level 3.4 Stealth
 + Level 3.4 Shields
 + Level 7.4 Unarmed Combat
 + Level 6.1 Spellcasting
 + Level 2.8 Conjurations
 + Level 2.8 Hexes
 + Level 2.8 Charms
 + Level 2.8 Summonings
 + Level 2.8 Necromancy
 + Level 2.8 Translocations
 + Level 4.7 Transmutations
 + Level 2.8 Fire Magic
 + Level 2.8 Ice Magic
 + Level 2.8 Air Magic
 + Level 2.8 Earth Magic
 + Level 2.8 Poison Magic
 + Level 3.7 Invocations
 + Level 3.4 Evocations


You had 13 spell levels left.
You knew the following spells:

 Your Spells              Type           Power        Failure   Level  Hunger
a - Beastly Appendage     Tmut           ###...       1%          1    None
b - Sticks to Snakes      Tmut           ###.....     3%          2    #......
c - Spider Form           Tmut/Pois      ###.......   9%          3    ##.....

Your spell library contained the following spells:

 Spells                   Type           Power        Failure   Level  Hunger
 Ice Form                 Ice/Tmut       ###.....     30%         4    ####...
 Blade Hands              Tmut           ###.......   50%         5    ######.


Dungeon Overview and Level Annotations

Branches:
Dungeon (7/15)             Temple (0/1) D:6

Altars:
Elyvilon
Fedhas
Hepliaklqana
Qazlal
The Shining One

Shops:
D:6 %


Innate Abilities, Weirdness & Mutations

Your experience applies equally to all skills.
You have very sharp teeth.
Your uncanny sense of smell can sniff out nearby items.
Your life essence is reduced to manifest your ancestor. (-10% HP)


Message History

The orc knight hits you with a +0 broad axe.
* * * LOW HITPOINT WARNING * * *
It was a potion of degeneration.
There was something very wrong with that liquid.
You feel weakened.
You feel dopey.
You feel clumsy.
The orc knight hits you but does no damage.
Wield which item (- for none, * to show all)? (? for menu, Esc to quit)
Okay, then.
It was a potion of haste.
You feel yourself speed up.
The orc knight complains noisily.
The orc knight hits you but does no damage.
Okay, then.
Wield which item (- for none, * to show all)? (? for menu, Esc to quit)
Okay, then.
It was a potion of flight.
You feel very buoyant.
You fly up into the air.
A kobold comes into view.
The orc knight hits you with a +0 broad axe!
You die...

♣♣♣♣♣
♣♣♣♣♣♣♣♣♣♣.∩.♣♣♣♣♣♣
♣≈≈≈≈≈≈.........≈≈≈
≈≈≈≈≈≈≈(...∩....≈≈≈
≈≈#####.........###
##...##.......##
##.....##.(...##
##...8...##(†'##..
##.......o@.(........
#.)..................
#.)8..8.............8
#................K...
##..(...####...####..
##..(.## ≈#####≈≈ .
##..(# =!8o..8!:≈
♣♣..###'# ........≈
♣..K≈≈≈(# ..8


You could see an orc warlord, an orc knight and a kobold (wandering).

Vanquished Creatures
  The ghost of Infinimo the Carver, a novice MiBe of Trog (D:5)
  A phantom (D:4)
  A scorpion (D:4)
  A howler monkey (D:6)
  2 crimson imps
  An orc priest (D:5)
  7 orc wizards
  Crazy Yiuf (D:3)
  A centaur skeleton (D:3)
  Jessica (D:2)
  2 worker ants
  4 adders
  A shadow imp (D:5)
  An ooze (D:3)
  An adder zombie (D:5)
  An adder skeleton (D:4)
  A worm (D:2)
  5 dart slugs
  3 leopard geckos
  9 orcs
  4 giant cockroaches
  13 goblins
  12 hobgoblins
  12 kobolds
  3 quokkas
  6 ball pythons
  8 bats
  4 frilled lizards
  A jackal zombie (D:5)
  5 rats
113 creatures vanquished.

Vanquished Creatures (collateral kills)
  2 bullfrogs
  An orc wizard (D:4)
  2 iguanas (D:6)
  3 worker ants
  A gnoll (Bailey)
  2 orcs (D:4)
  A kobold (Bailey)
12 creatures vanquished.

Vanquished Creatures (others)
  3 ancestors
3 creatures vanquished.

Grand Total: 128 creatures vanquished

Notes
Turn   | Place    | Note
-------+----------+-------------------------------------------
     0 | D:1      | Kass the Gnoll Transmuter began the quest for the Orb.
     0 | D:1      | Reached XP level 1. HP: 17/17 MP: 6/6
     2 | D:1      | Noticed an elf
     4 | D:1      | Noticed a spriggan
     4 | D:1      | Noticed a demigod
     6 | D:1      | Noticed a felid
     6 | D:1      | Noticed a merfolk
     8 | D:1      | Noticed a draconian
     8 | D:1      | Noticed a vine stalker
    10 | D:1      | Noticed a centaur
    10 | D:1      | Noticed an octopode
    12 | D:1      | Noticed a demonspawn
    12 | D:1      | Noticed a formicid
    14 | D:1      | Noticed a minotaur
    16 | D:1      | Noticed a vampire
    18 | D:1      | Noticed a human
    18 | D:1      | Noticed a naga
    20 | D:1      | Noticed a dwarf
    20 | D:1      | Noticed a halfling
    22 | D:1      | Noticed an ogre
    22 | D:1      | Noticed a tengu
    24 | D:1      | Noticed a ghoul
    26 | D:1      | Noticed a troll
    26 | D:1      | Noticed a gargoyle
   214 | D:1      | Reached XP level 2. HP: 12/23 MP: 7/7
   218 | D:1      | Learned a level 2 spell: Sticks to Snakes
   583 | D:1      | Reached XP level 3. HP: 28/28 MP: 9/9
   592 | D:1      | Reached skill level 5 in Spellcasting
  1078 | D:2      | Reached skill level 1 in Invocations
  1444 | D:2      | You fall through a shaft!
  1445 | D:3      | Reached skill level 1 in Short Blades
  1445 | D:3      | Reached skill level 1 in Long Blades
  1445 | D:3      | Reached skill level 1 in Axes
  1445 | D:3      | Reached skill level 1 in Maces & Flails
  1445 | D:3      | Reached skill level 1 in Polearms
  1445 | D:3      | Reached skill level 1 in Staves
  1445 | D:3      | Reached skill level 1 in Slings
  1445 | D:3      | Reached skill level 1 in Bows
  1445 | D:3      | Reached skill level 1 in Crossbows
  1445 | D:3      | Reached skill level 1 in Throwing
  1445 | D:3      | Reached skill level 1 in Armour
  1445 | D:3      | Reached skill level 1 in Stealth
  1445 | D:3      | Reached skill level 1 in Shields
  1445 | D:3      | Reached skill level 1 in Evocations
  1448 | D:3      | Noticed Jessica
  1676 | D:2      | Reached XP level 4. HP: 34/34 MP: 11/11
  1681 | D:2      | Learned a level 3 spell: Spider Form
  2211 | D:2      | Killed Jessica
  2211 | D:2      | Reached skill level 1 in Conjurations
  2211 | D:2      | Reached skill level 1 in Hexes
  2211 | D:2      | Reached skill level 1 in Charms
  2211 | D:2      | Reached skill level 1 in Summonings
  2211 | D:2      | Reached skill level 1 in Necromancy
  2211 | D:2      | Reached skill level 1 in Translocations
  2211 | D:2      | Reached skill level 1 in Fire Magic
  2211 | D:2      | Reached skill level 1 in Ice Magic
  2211 | D:2      | Reached skill level 1 in Air Magic
  2211 | D:2      | Reached skill level 1 in Earth Magic
  2211 | D:2      | Reached skill level 1 in Poison Magic
  2315 | D:3      | Found a hazy altar of Hepliaklqana.
  2436 | D:3      | Reached XP level 5. HP: 37/40 MP: 12/12
  2455 | D:3      | Found a runed translucent door.
  2456 | D:3      | Noticed Crazy Yiuf
  2466 | D:3      | Killed Crazy Yiuf
  2790 | D:3      | Became a worshipper of Hepliaklqana the Forgotten
  2903 | D:4      | Reached XP level 6. HP: 40/42 MP: 13/13
  3146 | D:4      | Noticed a phantom
  3157 | D:4      | Reached skill level 5 in Dodging
  3162 | D:4      | Killed a phantom
  3162 | D:4      | Reached XP level 7. HP: 46/46 MP: 15/15
  3265 | D:4      | Reached skill level 7 in Unarmed Combat
  3550 | D:4      | Reached * piety under Hepliaklqana
  3742 | D:5      | Entered Level 5 of the Dungeon
  3930 | D:5      | Found a runed translucent door.
  3938 | D:5      | Noticed Infinimo's ghost (novice MiBe)
  4175 | D:5      | Killed Infinimo's ghost
  4175 | D:5      | Reached XP level 8. HP: 54/54 MP: 16/16
  4274 | D:5      | Found a glowing golden altar of the Shining One.
  4277 | D:5      | Found a stormy altar of Qazlal.
  4278 | D:5      | Found a white marble altar of Elyvilon.
  5521 | D:6      | Found a blossoming altar of Fedhas.
  5522 | D:6      | Reached ** piety under Hepliaklqana
  5921 | D:6      | Found Imepnooth's Food Shop.
  6098 | D:6      | Found a staircase to the Ecumenical Temple.
  6245 | D:7      | Found a flagged portal.
  6252 | D:7      | Got an iridescent hand axe
  6257 | D:7      | Identified the +8 hand axe "Puqid" {chop, rC+ Str+6} (You
                  | found it on level 7 of the Dungeon)
  6260 | Bailey   | Entered a bailey
  6269 | Bailey   | Noticed an orc warlord
  6304 | Bailey   | Noticed an orc knight
  6339 | Bailey   | Slain by an orc knight

Skill      XL: |  1  2  3  4  5  6  7  8 |
---------------+-------------------------+-----
Spellcasting   | 5 6 |  6.1
Invocations    | 1 2 3 |  3.7
Short Blades   | 1 2 3 |  3.4
Long Blades    | 1 2 3 |  3.4
Axes           | 1 2 3 |  3.4
Maces & Flails | 1 2 3 |  3.4
Polearms       | 1 2 3 |  3.4
Staves         | 1 2 3 |  3.4
Slings         | 1 2 3 |  3.4
Bows           | 1 2 3 |  3.4
Crossbows      | 1 2 3 |  3.4
Throwing       | 1 2 3 |  3.4
Armour         | 1 2 3 |  3.4
Stealth        | 1 2 3 |  3.4
Shields        | 1 2 3 |  3.4
Evocations     | 1 2 3 |  3.4
Conjurations   | 1 2 |  2.8
Hexes          | 1 2 |  2.8
Charms         | 1 2 |  2.8
Summonings     | 1 2 |  2.8
Necromancy     | 1 2 |  2.8
Translocations | 1 2 |  2.8
Fire Magic     | 1 2 |  2.8
Ice Magic      | 1 2 |  2.8
Air Magic      | 1 2 |  2.8
Earth Magic    | 1 2 |  2.8
Poison Magic   | 1 2 |  2.8
Fighting       | 3 4 |  4.3
Transmutations | 4 |  4.7
Dodging        | 5 |  5.8
Unarmed Combat | 7 |  7.4

Action                   |  1- 3 |  4- 6 |  7- 9 || total
-------------------------+-------+-------+-------++-------
Melee: Unarmed           |   114 |    77 |       ||   191
       Bite              |     8 |     7 |    14 ||    29
       Headbutt          |     3 |       |       ||     3
       Punch             |       |     3 |       ||     3
       Quarterstaff      |       |    40 |   101 ||   141
       Hand axe          |       |       |    22 ||    22
 Cast: Beastly Appendage |     4 |       |       ||     4
       Spider Form       |       |     1 |       ||     1
 Abil: Evoke Berserk Rag |       |       |     2 ||     2
  Use: Potion            |       |       |     3 ||     3
       Scroll            |       |       |     1 ||     1
 Stab: Sleeping          |     1 |     1 |     4 ||     6
       Distracted        |       |     3 |       ||     3
       Paralysed         |       |       |     2 ||     2
  Eat: Chunk             |     2 |     5 |     2 ||     9
       Ration            |       |       |     3 ||     3
Armor: Robe              |    15 |    40 |    46 ||   101
Dodge: Dodged            |    60 |    64 |   103 ||   227
